 Dungeon Crawl Stone Soup version 0.30-a0-879-ga8ba668 (webtiles) character file.

Game seed: 1764542805565423584

42 Think the Ducker (level 3, 0/26 HPs)
             Began as an Octopode Fighter on Mar 13, 2023.
             Was a Follower of Makhleb.
             Frozen to death by an endoplasm (1 damage)
             ... on level 2 of the Dungeon.
             The game lasted 00:02:23 (952 turns).

Think the Ducker (Octopode Fighter)                  Turns: 952, Time: 00:02:24

Health: 0/26       AC:  1    Str: 15    XL:     3   Next: 54%
Magic:  3/3        EV: 19    Int: 10    God:    Makhleb [*.....]
Gold:   29         SH:  4    Dex: 13    Spells: 2/2 levels left

rFire   . . .      SeeInvis .    a - +0 long sword
rCold   . . .      Faith    .    b - +0 buckler
rNeg    . . .      Spirit   .    (helmet restricted)
rPois   .          Reflect  .    (no amulet)
rElec   .          Rampage  .    j - +5 ring of evasion
rCorr   .                        (no ring)
Will    .....                    (no ring)
Stlth   ++                       (no ring)
HPRegen 0.24/turn                (no ring)
MPRegen 0.08/turn                (no ring)
                                 (no ring)
                                 (no ring)

@: no status effects
A: almost no armour, amphibious, 8 rings, camouflage 1, gelatinous body 1,
(nimble swimmer 1), tentacles
a: Renounce Religion


You were on level 2 of the Dungeon.
You worshipped Makhleb.
Makhleb was aware of your devotion.
You visited 1 branch of the dungeon, and saw 2 of its levels.

You collected 29 gold pieces.

Inventory:

Hand Weapons
 a - a +0 long sword (weapon)
Missiles
 h - 5 datura-tipped darts (quivered)
Armour
 b - a +0 buckler (worn)
Jewellery
 j - a +5 ring of evasion (left tentacle)
Scrolls
 d - 3 scrolls of identify {unknown}
 f - a scroll of immolation {unknown}
 i - a scroll of brand weapon {unknown}
 k - 2 scrolls of teleportation {unknown}
Potions
 c - a potion of might
 e - a potion of haste {unknown}
 g - a potion of berserk rage {unknown}


   Skills:
 - Level 3.0 Fighting
 - Level 2.0 Long Blades
 + Level 4.4 Dodging
 - Level 3.0 Shields


You had 2 spell levels left.
You didn't know any spells.
Your spell library contained the following spells:

 Spells                   Type           Power      Damage    Failure   Level
 Dazzling Flash           Conj/Hex       0%         N/A       83%         3
 Agony                    Necr           0%         N/A       100%        5
 Silence                  Hex/Air        0%         N/A       100%        5


Dungeon Overview and Level Annotations

Branches:
Dungeon (2/15)

Altars:
Makhleb


Innate Abilities, Weirdness & Mutations

You cannot wear most types of armour.
You are amphibious.
You can wear up to eight rings at the same time.
Your skin changes colour to match your surroundings (Stealth+).
Your rubbery body absorbs attacks. (AC +1, EV +1)
((You are camouflaged when in or above water. (Stealth+)))
You have tentacles for arms and can constrict up to eight enemies at once.


Message History

The endoplasm completely misses you. The endoplasm freezes you.
You are frozen.
The endoplasm completely misses you. The endoplasm freezes you.
You are frozen.
The endoplasm freezes you.
You are frozen.
The endoplasm closely misses you.
The endoplasm jiggles.
The endoplasm freezes you.
You are frozen.
The endoplasm closely misses you.
The endoplasm hits you but does no damage.
The endoplasm freezes you.
You are frozen.
The endoplasm freezes you.
You are frozen.
* * * LOW HITPOINT WARNING * * *
The endoplasm misses you. The endoplasm misses you. The endoplasm misses you.
You block the endoplasm's attack.
The endoplasm hits you but does no damage.
The endoplasm hits you.
* * * LOW HITPOINT WARNING * * *
The endoplasm closely misses you. The endoplasm closely misses you.
The endoplasm freezes you.
You are frozen.
* * * LOW HITPOINT WARNING * * *
The endoplasm completely misses you. The endoplasm freezes you.
You are frozen.
* * * LOW HITPOINT WARNING * * *
The endoplasm hits you.
* * * LOW HITPOINT WARNING * * *
The endoplasm freezes you.
You are frozen.
You die...

############
#..........#
#.....<....#
+..........#
#..........#
#..@########
........J...#
............#
#...........#
#...........#
............#
.............
.##.####.#.#.#


You could see an endoplasm.

Vanquished Creatures
  A dart slug (D:1)
  2 ball pythons (D:1)
  5 bats (D:1)
  4 endoplasms (D:1)
  A giant cockroach (D:1)
  A goblin (D:1)
  7 hobgoblins (D:1)
  4 jackals (D:1)
  4 kobolds (D:1)
  3 frilled lizards (D:1)
  2 rats (D:1)
34 creatures vanquished.

Notes
Turn   | Place    | Note
-------+----------+-------------------------------------------
     0 | D:1      | Think the Octopode Fighter began the quest for the Orb.
     0 | D:1      | Reached XP level 1. HP: 16/16 MP: 1/1
   102 | D:1      | Reached XP level 2. HP: 19/21 MP: 2/2
   273 | D:1      | Reached skill level 4 in Dodging
   278 | D:1      | Reached XP level 3. HP: 21/26 MP: 3/3
   558 | D:1      | Found a faded altar of an unknown god.
   631 | D:1      | Prayed at the altar of an unknown god.
   631 | D:1      | Became a worshipper of Makhleb the Destroyer
   631 | D:1      | Reached * piety under Makhleb
   951 | D:2      | HP: 1/26 [endoplasm (1)]
   952 | D:2      | Frozen to death by an endoplasm

Illustrated notes

Levels and vault maps discovered:
D:1:      lemuel_arrival_tunnels, layout_basic, nicolae_ecumenical_lake_church,
          minmay_pentomino_o2
D:2:      layout_basic

Skill      XL: |  1  2 |
---------------+-------+-----
Dodging        | 4 |  4.4
Fighting       | |  3.0
Long Blades    | |  2.0
Shields        | |  3.0

Action                     || total
---------------------------++-------
  Melee: Long sword        ||    62
         Constrict         ||    13
         Tentacles         ||    11
  Throw: Dart              ||     2
   Stab: Sleeping          ||     2
 Armour: Skin              ||     8
  Dodge: Dodged            ||    65
  Block: Buckler           ||    19

Table legend: (Time is in decaauts)
 A = Elapsed time spent in this place.
 B = Non-inter-level travel time spent in this place.
 C = Inter-level travel time spent in this place.
 D = Time resting spent in this place.
 E = Time spent auto-exploring this place.
 F = Levels seen in this place.
 G = Mean time per level.
                   A        B        C        D        E       F      G
               +--------+--------+--------+--------+--------+-----+--------+
         Total |    972 |    936 |     36 |     64 |    629 |   2 |  486.0 |
       Dungeon |    972 |    936 |     36 |     64 |    629 |   2 |  486.0 |
               +--------+--------+--------+--------+--------+-----+--------+

Top non-repeatable levels by time:
     D:1: 913 daAuts
     D:2: 58 daAuts
